AoeStats
← [PSCH] R!ce

Arabia

508642087Analyzed
1v1 RM · 9d ago on Sep 23, 2026· 62m 21s· 2 players
Game mode
Random Map
Map size
Tiny (2 player)
Population
200
Speed
Normal
Resources
Standard
Victory
Conquest
Starting age
Dark Age
Ending age
Imperial Age
RankedLock teamsTeams togetherTeam positionsShared explorationLock speedFull tech treeHidden civsTurbo modeCheats
Victory
Defeat
🇨🇭 Saxons · Switzerland
1460
+18
🇦🇷 Italians · Argentina
1494
-18
[PSCH] R!ce
6:43 Loom
9:13 Feudal Age
10:33 Double-Bit Axe
16:44 Fletching
18:27 Padded Archer Armor
23:08 Castle Age
21:33 Horse Collar
23:14 Elite Skirmisher
23:51 Bodkin Arrow
25:23 Leather Archer Armor
30:27 Scale Mail Armor
30:38 Forging
32:07 Chain Mail Armor
32:26 Bow Saw
34:02 Arson
41:32 Imperial Age
39:21 Squires
39:59 Pikeman
41:17 Iron Casting
43:22 Plate Mail Armor
44:49 Wheelbarrow
44:47 Halberdier
50:42 Chemistry
49:54 Masonry
52:21 Ring Archer Armor
51:51 Bracer
52:33 Elite Varangian Guard
56:38 Hand Cart
Hurut
6:34 Loom
9:01 Feudal Age
10:11 Man-at-Arms
10:38 Double-Bit Axe
19:28 Castle Age
17:41 Fletching
19:00 Padded Archer Armor
19:03 Horse Collar
19:14 Gold Mining
19:57 Crossbowman
21:30 Wheelbarrow
26:33 Bodkin Arrow
33:52 Hand Cart
37:50 Imperial Age
37:01 Scale Barding Armor
37:08 Forging
37:54 Husbandry
38:05 Bloodlines
38:16 Chain Barding Armor
38:04 Cavalier
39:21 Iron Casting
39:58 Bow Saw
41:04 Plate Barding Armor
42:55 Blast Furnace
43:16 Elite Skirmisher
44:05 Thumb Ring
44:07 Bracer
47:26 Leather Archer Armor
47:55 Ballistics
48:24 Town Watch
48:45 Heavy Plow
51:59 Ring Archer Armor
52:31 Chemistry
52:37 Light Cavalry
53:36 Hussar
58:12 Murder Holes
59:09 Arbalester
Connection lost

Rejoining the realm…

Still unreachable

The connection could not be restored.

Session expired

The server has moved on; the page needs a fresh start.